 Dungeon Crawl Stone Soup version 0.29.1-12-g30fa7ad0bf (webtiles) character file.

Game seed: 16718237604963196192

7 Lutefisk the Chopper (level 2, 0/27 HPs)
             Began as a Hill Orc Monk on Dec 21, 2022.
             Slain by a frilled lizard (2 damage)
             ... on level 1 of the Dungeon.
             The game lasted 00:01:31 (191 turns).

Lutefisk the Chopper (Hill Orc Monk)                 Turns: 191, Time: 00:01:31

Health: 0/27       AC:  3    Str: 13    XL:     2   Next: 4%
Magic:  2/2        EV: 12    Int: 10    God:
Gold:   24         SH:  0    Dex: 13    Spells: 1/1 levels left

rFire   + . .      SeeInvis .   a - +0 hand axe
rCold   . . .      Faith    .   (no shield)
rNeg    . . .      Spirit   .   b - +0 robe
rPois   .          Reflect  .   (no helmet)
rElec   .          Harm     .   g - scarf {+Inv}
rCorr   .          Rampage  .   h - +0 pair of gloves
Will    .....                   (no boots)
Stlth   ++........              (no amulet)
HPRegen 0.09/turn               l - ring of protection from fire
MPRegen 0.08/turn               (no ring)

@: no status effects
A: no striking features
a: Evoke Invisibility


You were on level 1 of the Dungeon.
You visited 1 branch of the dungeon, and saw 2 of its levels.

You collected 24 gold pieces.

Inventory:

Hand Weapons
 a - a +0 hand axe (weapon)
Armour
 b - a +0 robe (worn)
 g - a scarf of invisibility (worn)
 h - a +0 pair of gloves (worn)
Jewellery
 d - a ring of fire
 l - a ring of protection from fire (left hand)
Scrolls
 e - a scroll of poison {unknown}
 f - a scroll of summoning {unknown}
 i - a scroll of fear {unknown}
 j - a scroll of identify {unknown}
Potions
 c - a potion of ambrosia
 k - a potion of haste


   Skills:
 * Level 4.0 Fighting
 * Level 4.3 Axes
 - Level 2.4 Dodging
 - Level 1.5 Stealth


You had one spell level left.
You didn't know any spells.
Your spell library was empty.

Dungeon Overview and Level Annotations

Branches:
Dungeon (2/15)

Altars:

Annotations:
D:1 Robin


Message History

The goblin attacks as you move away! The goblin hits you with a +0 club.
Robin throws the goblin at you! The goblin hits you but does no damage.
The hobgoblin hits you.
There is a large open door here.
You closely miss the goblin. You hit Robin. You hit the goblin.
You kill the goblin!
You hit the hobgoblin but do no damage. The goblin hits you with a +0 club.
Robin barely misses you. The hobgoblin hits you.
* * * LOW HITPOINT WARNING * * *
Your Fighting skill increases to level 4!
You have reached level 2!
It was a potion of haste.
You feel yourself speed up. Robin barely misses you.
The goblin hits you with a +0 club.
* * * LOW HITPOINT WARNING * * *
The hobgoblin barely misses you.
You see here a +0 dagger.
Robin throws the goblin at you!
There is an open door here.
There is a fountain of clear blue water here.
You open the door. The goblin misses you.
There is an open door here.
The hobgoblin no longer looks unusually strong.
You see here a rat corpse.
Your extra speed is starting to run out.
There is an open door here.
There is a large open door here.
There is a large open door here.
You feel yourself slow down.
A frilled lizard comes into view.
The frilled lizard hisses angrily.
You barely miss the frilled lizard. The frilled lizard bites you.
* * * LOW HITPOINT WARNING * * *
You barely miss the frilled lizard. The frilled lizard bites you.
* * * LOW HITPOINT WARNING * * *
You miss the frilled lizard. The frilled lizard barely misses you.
You miss the frilled lizard. The frilled lizard bites you.
* * * LOW HITPOINT WARNING * * *
You completely miss the frilled lizard. The frilled lizard bites you.
You die...

.#####'## '####...#
......# ...##)..#
......# .<.''.>.#
......# ...##...#
......# #####...#
......+ #...#
......#
##..#########......#
##.........@l.....#
##################


You could see a frilled lizard.

Vanquished Creatures
  A dart slug (D:1)
  A goblin (D:1)
  A hobgoblin (D:1)
  A quokka (D:1)
  A rat (D:1)
5 creatures vanquished.

Notes
Turn   | Place    | Note
-------+----------+-------------------------------------------
     0 | D:1      | Lutefisk the Hill Orc Monk began the quest for the Orb.
     0 | D:1      | Reached XP level 1. HP: 19/19 MP: 1/1
    24 | D:1      | Found a faded altar of an unknown god.
   124 | D:2      | Noticed Robin
   130 | D:1      | Reached XP level 2. HP: 8/27 MP: 2/2
   191 | D:1      | Slain by a frilled lizard

Illustrated notes

Levels and vault maps discovered:
D:1:      dpeg_arrival_simpleton_b, layout_basic, serial_shops,
          nicolae_shop_hallway_stairs, ebering_ecumenical_altar_sacrificial
D:2:      layout_loops_ring, minmay_misc_feat_alley, uniq_robin

Skill      XL: |  1 |
---------------+----+-----
Fighting       | 4 |  4.0
Axes           | |  4.3
Dodging        | |  2.4
Stealth        | |  1.5

Action                   || total
-------------------------++-------
Melee: Hand axe          ||    17
  Use: Potion            ||     1
Armor: Robe              ||     2
Dodge: Dodged            ||    15
